 Dungeon Crawl Stone Soup version 0.28.0-62-gf88900778d (webtiles) character file.

Game seed: 13919902539651670467

135 cbfl8 the Chopper (level 4, -6/38 HPs)
             Began as a Demonspawn Berserker on Apr 12, 2024.
             Was a Believer of Trog.
             Killed by divine providence
             ... invoked by an orc priest
              (13 damage)
             ... on level 4 of the Dungeon.
             The game lasted 00:03:52 (3909 turns).

cbfl8 the Chopper (Demonspawn Berserker)            Turns: 3909, Time: 00:03:52

Health: -6/38      AC:  4    Str: 26    XL:     4   Next: 97%
Magic:  4/4        EV: 12    Int:  8    God:    Trog [**....]
Gold:   158        SH:  0    Dex: 12    Spells: 3/3 levels left

rFire   . . .      SeeInvis .   a - +0 hand axe
rCold   . . .      Faith    .   (no shield)
rNeg    . . .      Spirit   .   b - +0 animal skin
rPois   .          Reflect  .   (no helmet)
rElec   .          Harm     .   (no cloak)
rCorr   .          Rampage  .   (no gloves)
Will    .....                   m - +0 pair of boots
Stlth   +.........              (no amulet)
HPRegen 0.12/turn               l - +6 ring of strength
MPRegen 0.09/turn               (no ring)

@: no status effects
A: hooves 1, rugged brown scales 1
a: Renounce Religion, Berserk, Trog's Hand


You were on level 4 of the Dungeon.
You worshipped Trog.
Trog was pleased with you.
You visited 1 branch of the dungeon, and saw 4 of its levels.

You collected 158 gold pieces.

Inventory:

Hand Weapons
 a - a +0 hand axe (weapon)
Armour
 b - a +0 animal skin (worn)
 m - a +0 pair of boots (worn)
Jewellery
 l - a +6 ring of strength (left hand)
Wands
 g - a wand of paralysis (4) (quivered)
Scrolls
 c - 2 scrolls of identify {unknown}
 d - a scroll of blinking {unknown}
 h - a scroll of fear {unknown}
 i - 2 scrolls of fog {unknown}
Potions
 e - a potion of flight {unknown}
 f - a potion of ambrosia {unknown}
 j - a potion of attraction {unknown}
 k - a potion of resistance {unknown}


   Skills:
 + Level 3.9 Fighting
 + Level 4.1 Axes
 + Level 2.0 Armour
 - Level 1.7 Dodging
 * Level 1.7 Evocations


You had 3 spell levels left.
You didn't know any spells.
Your spell library was empty.

Dungeon Overview and Level Annotations

Branches:
Dungeon (4/15)
 Temple: D:4-7

Altars:


Innate Abilities, Weirdness & Mutations

You have large cloven feet.
You are partially covered in rugged brown scales. (AC +1, +3% HP)


Message History

a +0 flail; a +0 leather armour
There is a stone staircase leading down here.
There is a stone staircase leading down here.
You hear the slow hiss of a very distant avalanche of sand.
Found 16 gold pieces.
A quokka comes into view.
The quokka closely misses you. The quokka bites you.
The quokka barely misses you.
You hit the quokka.
You kill the quokka!
Trog accepts your kill.
You now have 158 gold pieces (gained 16).
Found a pair of boots.
Found a scroll labelled HABUMP BUEKAAH.
Found 14 gold pieces.
Found 4 gold pieces.
You see here a +0 pair of boots.
An orc priest comes into view. It is wielding a +0 club.
The orc priest shouts!
The orc priest moves out of view.
An orc comes into view. It is wielding a +0 short sword.
An orc comes into view. It is wielding a +0 hand axe.
You see here a scroll labelled HABUMP BUEKAAH.
You see here 4 gold pieces.
The orc priest mumbles some strange prayers to Beogh against you.
Pain shoots through your body!
Found a red potion.
You hear the slow hiss of an avalanche of sand very nearby.
The orc priest looks satisfied for a moment.
The orc priest miscasts a cantrip.
Aiming: Paralyse
Press: ? - help, Q - select action, (/) - cycle Shift-Dir - straight line, f - orc priest
Aim: an orc priest, wielding a +0 club (chance to affect: 53%)
The orc priest resists with significant effort.
The orc priest mumbles some strange prayers to Beogh against you.
Beogh smites you!
* * * LOW HITPOINT WARNING * * *
The orc priest invokes the aid of Beogh against you.
Beogh smites you!
You die...

..#..?.$..........##.#
..##............<....####
.
#..##$................##.
.
#..#.#.#.#.#..............
#...............†........#
.###.##+##.#...........###
.. #.. #...o...#.....#
#oo..#. +.#.....#.......
.... #....@...#.##....
+##.#........# ..≈≈
..........#.... ≈.
#.#.#.....#....
..#....##..###. #...! .##
...... .# ....... ##
.......


You could see an orc priest.

Vanquished Creatures
  6 adders
  2 worms (D:2)
  3 dart slugs
  2 orcs
  7 bats
  3 endoplasms
  5 giant cockroaches
  6 goblins
  2 hobgoblins
  4 kobolds
  5 quokkas
  12 ball pythons
  3 frilled lizards (D:1)
  4 rats
64 creatures vanquished.

Vanquished Creatures (others)
  A fungus (D:2)
  A plant (D:2)
2 creatures vanquished.

Grand Total: 66 creatures vanquished

Notes
Turn   | Place    | Note
-------+----------+-------------------------------------------
     0 | D:1      | cbfl8 the Demonspawn Berserker began the quest for the Orb.
     0 | D:1      | Reached XP level 1. HP: 18/18 MP: 1/1
   351 | D:1      | You fall into a shaft and drop 1 floor!
   351 | D:2      | Found a faded altar of an unknown god.
   522 | D:2      | Gained mutation: You have large cloven feet. [demonic
                  | ancestry]
   522 | D:2      | Reached XP level 2. HP: 24/24 MP: 2/2
   585 | D:2      | Reached skill level 3 in Axes
  1157 | D:2      | Reached skill level 1 in Evocations
  1157 | D:2      | Reached XP level 3. HP: 29/29 MP: 3/3
  1220 | D:2      | Reached ** piety under Trog
  2054 | D:1      | Gained mutation: You are partially covered in rugged brown
                  | scales. (AC +1, +3% HP) [demonic ancestry]
  2054 | D:1      | Reached XP level 4. HP: 30/38 MP: 4/4
  3467 | D:3      | Reached skill level 4 in Axes
  3909 | D:4      | Killed from afar by an orc priest

Illustrated notes

Levels and vault maps discovered:
D:1:      nicolae_arrival_memento_mori, layout_basic
D:2:      minmay_diamond_boxcup, layout_basic, dreamdust_ecumenical_altar_grove,
          hex_tiny
D:3:      layout_loops_ring
D:4:      layout_cave_pools, nicolae_ossuary_entry_monument, serial_rivers,
          chequers_serial_rivers_micro_d, chequers_serial_rivers_room_b,
          chequers_serial_rivers_large_a, chequers_serial_rivers_micro_c,
          chequers_serial_rivers_micro_b, chequers_serial_rivers_room_a,
          minmay_misc_feat_doors, uniq_eustachio

Skill      XL: |  1  2  3  4 |
---------------+-------------+-----
Axes           | 3 4 |  4.1
Evocations     | 1 |  1.7
Armour         | 2 |  2.0
Fighting       | |  3.9
Dodging        | |  1.7

Action                   |  1- 3 |  4- 6 || total
-------------------------+-------+-------++-------
Melee: Hand axe          |   103 |    70 ||   173
       Punch             |     1 |     1 ||     2
       Kick              |    16 |     8 ||    24
Evoke: Wand              |       |     1 ||     1
  Use: Potion            |     1 |     1 ||     2
 Stab: Sleeping          |     1 |     3 ||     4
Armor: Animal skin       |    18 |    17 ||    35
Dodge: Dodged            |    84 |    60 ||   144
